 Dungeon Crawl Stone Soup version 0.19.4-10-g532645f (webtiles) character file.

98 JeffiDaFish the Shield-Bearer (level 4, 0/29 HPs)
             Began as a Gargoyle Fighter on Feb 26, 2017.
             Killed from afar by Psyclone's ghost (7 damage)
             ... with a flame tongue
             ... on level 3 of the Dungeon.
             The game lasted 00:03:19 (1893 turns).

JeffiDaFish the Shield-Bearer (Gargoyle Fighter)    Turns: 1893, Time: 00:03:19

Health: 0/29       AC: 10    Str: 25    XL:     4   Next: 71%
Magic:  4/4        EV:  8    Int:  8    God:
Gold:   71         SH: 10    Dex: 10    Spells: 0 memorised, 3 levels left

rFire  . . .     SeeInvis .     a - +0 flail
rCold  . . .     Gourm    .     b - +0 scale mail
rNeg   + . .     Faith    .     c - +0 shield
rPois  ∞         Spirit   .     (no helmet)
rElec  +         Reflect  .     (no cloak)
rCorr  .         Harm     .     (no gloves)
MR     .....                    (no boots)
Stlth  ..........               n - amulet of inaccuracy (curse)
                                (no ring)
                                (no ring)

@: mighty
A: negative energy resistance 1, electricity resistance, unbreathing,
petrification resistance, rot immunity, AC +3
a: no special abilities


You were on level 3 of the Dungeon.
You were not hungry.

You visited 1 branch of the dungeon, and saw 3 of its levels.

You collected 71 gold pieces.

Inventory:

Hand Weapons
 a - a +0 flail (weapon)
Armour
 b - a +0 scale mail (worn)
 c - a +0 shield (worn)
Jewellery
 n - a cursed amulet of inaccuracy (around neck)
Scrolls
 h - a scroll of teleportation
 i - a scroll of recharging
 m - 2 scrolls of fog
 o - a scroll of identify
Potions
 e - a potion of heal wounds
 j - 3 potions of resistance
 l - a potion of flight
Comestibles
 f - 2 bread rations
 g - 4 chunks of flesh
 k - 4 fruits


   Skills:
 + Level 3.7 Fighting
 + Level 2.9 Maces & Flails
 + Level 3.8 Armour
 + Level 1.2 Dodging
 + Level 4.0 Shields


You had 3 spell levels left.
You didn't know any spells.

Dungeon Overview and Level Annotations

Branches:
Dungeon (3/15)

Altars:
Gozag

Annotations:
D:3 Psyclone's ghost, amateur DEFE


Innate Abilities, Weirdness & Mutations

You are resistant to torment.
Your stone body is resilient. (AC +3)
You are immune to poison.
You resist negative energy. (rN+)
You are resistant to electric shocks. (rElec)
You can survive without breathing.
You are immune to petrification.
You are immune to rotting.


Message History

Your shield and scale mail prevent you from hitting Psyclone's ghost.
You block the adder's attack.
Psyclone's ghost hits you but does no damage.
The adder bites you but does no damage.
You miss Psyclone's ghost. You block Psyclone's ghost's attack.
The adder bites you.
* * * LOW HITPOINT WARNING * * *
You miss Psyclone's ghost. You block the adder's attack.
You block Psyclone's ghost's attack. The adder barely misses you.
Psyclone's ghost hits you.
* * * LOW HITPOINT WARNING * * *
You miss Psyclone's ghost. The adder bites you but does no damage.
Psyclone's ghost shrieks, "There is no future for me!"
Psyclone's ghost hits you but does no damage.
The adder bites you but does no damage.
Your shield and scale mail prevent you from hitting Psyclone's ghost.
The adder barely misses you. Psyclone's ghost casts a spell at you.
The flame tongue hits you!
You die...

.. ##.....#.....
...##............
..#.........%...
>..............
#............. ######
#.............
.<...####.............
##
#...##...@S.........$
...
#...#.....W.....=....
. ..
#.<...........[#.....
#..#.##.##.......#####
####
........##.......#
###....÷.##.....##
#...##.##.....##
#..............#
...####.........#


You could see Psyclone's ghost and an adder.

Vanquished Creatures
  5 adders (D:2)
  2 worms (D:2)
  4 dart slugs
  A leopard gecko (D:1)
  A ball python (D:2)
  A giant cockroach (D:2)
  4 goblins
  6 hobgoblins
  3 bats
  A frilled lizard (D:2)
  8 kobolds
  6 rats
42 creatures vanquished.

Notes
Turn   | Place    | Note
-------+----------+-------------------------------------------
     0 | D:1      | JeffiDaFish the Gargoyle Fighter began the quest for the Orb.
     0 | D:1      | Reached XP level 1. HP: 14/14 MP: 1/1
   138 | D:1      | Reached XP level 2. HP: 19/19 MP: 2/2
   830 | D:2      | Reached XP level 3. HP: 18/23 MP: 3/3
  1238 | D:2      | Reached XP level 4. HP: 29/29 MP: 4/4
  1393 | D:2      | Reached skill level 1 in Dodging
  1638 | D:2      | Found an opulent altar of Gozag.
  1831 | D:2      | Reached skill level 4 in Shields
  1874 | D:3      | Noticed Psyclone's ghost (amateur DEFE)
  1893 | D:3      | Killed from afar by Psyclone's ghost

Skill      XL: |  1  2  3  4 |
---------------+-------------+-----
Dodging        | 1 |  1.2
Shields        | 4 |  4.0
Fighting       | |  3.7
Maces & Flails | |  2.9
Armour         | |  3.8

Action                   |  1- 3 |  4- 6 || total
-------------------------+-------+-------++-------
Melee: Flail             |   138 |   177 ||   315
  Use: Potion            |     5 |     1 ||     6
       Scroll            |     4 |     3 ||     7
  Eat: Chunk             |     1 |     3 ||     4
Armor: Scale mail        |    60 |   102 ||   162
Dodge: Dodged            |    53 |    59 ||   112
Block: Shield            |    80 |   110 ||   190
